 Dungeon Crawl Stone Soup version 0.28-a0-1334-g1c9ffb4daf (webtiles) character file.

Game seed: 8475969365219985023

1908 HessuHobo the Fighter (level 9, -6/88 HPs)
             Began as a Gargoyle Berserker on Dec 28, 2021.
             Was a Believer of Trog.
             Killed from afar by an acid dragon (11 damage)
             ... with a splash of acid
             ... on level 7 of the Dungeon.
             The game lasted 00:07:23 (10133 turns).

HessuHobo the Fighter (Gargoyle Berserker)         Turns: 10133, Time: 00:07:24

Health: -6/88      AC: 13    Str: 24    XL:     9   Next: 16%
Magic:  9/9        EV:  6    Int:  9    God:    Trog [**....]
Gold:   214        SH:  8    Dex:  9    Spells: 8/8 levels left

rFire   . . .      SeeInvis .   w - +0 flail
rCold   . . .      Faith    .   z - +0 buckler
rNeg    + . .      Spirit   .   q - +0 plate armour
rPois   ∞          Reflect  +   v - +0 helmet
rElec   +          Harm     .   (no cloak)
rCorr   .          Rampage  .   (no gloves)
Will    .....                   (no boots)
Stlth   ..........              j - amulet of reflection
HPRegen 0.24/turn               (no ring)
MPRegen 0.11/turn               (no ring)

@: berserking, corroded, very quick
A: sickness immunity, AC +6, negative energy resistance 1, electricity
resistance, torment resistance 1, petrification resistance
a: Renounce Religion, Berserk, Trog's Hand


You were on level 7 of the Dungeon.
You worshipped Trog.
Trog was pleased with you.
You visited 1 branch of the dungeon, and saw 7 of its levels.

You collected 214 gold pieces.

Inventory:

Hand Weapons
 w - a +0 flail (weapon)
Missiles
 n - 69 bolts
Armour
 q - a +0 plate armour (worn)
 v - a +0 helmet (worn)
 z - a +0 buckler (worn)
Jewellery
 j - an amulet of reflection (around neck)
Wands
 b - a wand of flame (15)
 y - a wand of iceblast (9)
Scrolls
 c - 3 scrolls of vulnerability {unknown}
 d - 3 scrolls of identify {unknown}
 e - 4 scrolls of immolation {unknown}
 i - 4 scrolls of teleportation {unknown}
 k - 2 scrolls of blinking {unknown}
 o - 2 scrolls of fog {unknown}
 p - a scroll of amnesia {unknown}
 r - a scroll of fear {unknown}
 t - a scroll of acquirement {unknown}
 u - a scroll of holy word {unknown}
Potions
 a - 2 potions of mutation {unknown}
 f - 2 potions of curing {unknown}
 g - a potion of ambrosia {unknown}
 h - 2 potions of might {unknown}
 l - a potion of attraction {unknown}
 m - a potion of lignification {unknown}
 s - 4 potions of degeneration {unknown}
 x - a potion of heal wounds {unknown}


   Skills:
 + Level 8.1 Fighting
 + Level 7.3 Maces & Flails
 + Level 7.6 Armour
 - Level 1.5 Dodging
 + Level 0.4 Shields


You had 8 spell levels left.
You didn't know any spells.
Your spell library was empty.

Dungeon Overview and Level Annotations

Branches:
Dungeon (7/15)             Temple (0/1) D:6

Altars:
Makhleb
Okawaru
Sif Muna
Wu Jian
Xom
The Shining One

Shops:
D:5 (   D:6 !


Innate Abilities, Weirdness & Mutations

You are immune to sickness and miasma.
Your stone body is resilient. (AC +6)
You are immune to poison.
You resist negative energy. (rN+)
You are resistant to electric shocks. (rElec)
You are resistant to unholy torment.
You are immune to petrification.


Message History

The acid dragon claws you.
You hit the acid dragon but do no damage.
The acid dragon bites you.
The acid dragon claws you but does no damage.
You closely miss the acid dragon. The acid dragon spits acid at you.
The splash of acid hits you!!
You hear a howl!
You closely miss the acid dragon. The acid dragon barely misses you.
The acid dragon claws you.
You sock the acid dragon!
The acid dragon is moderately wounded.
The acid dragon barely misses you. You block the acid dragon's attack.
A red film seems to cover your vision as you go berserk!
You feel yourself moving faster!
You feel mighty! The acid dragon spits acid at you.
The splash of acid hits you!!
* * * LOW HITPOINT WARNING * * *
The acid corrodes you!
You hit the acid dragon but do no damage.
The acid dragon is moderately wounded.
You thump the acid dragon!
The acid dragon is severely wounded.
The acid dragon barely misses you. You block the acid dragon's attack.
You hit the acid dragon but do no damage.
The acid dragon is severely wounded.
The acid dragon bites you but does no damage.
The acid dragon barely misses you.
You hit the acid dragon.
The acid dragon is almost dead.
The acid dragon bites you.
* * * LOW HITPOINT WARNING * * *
The acid dragon claws you but does no damage.
You closely miss the acid dragon.
The acid dragon is almost dead.
You hit the acid dragon.
The acid dragon is almost dead.
The acid dragon spits acid at you. The splash of acid hits you!
You die...

..#.# # .# #.#.####....###
#.# +.............. ..###
#.#.# #......# ####.....
#.#.###...≈≈####....####
###...##....≈..))..$.....#
............≈≈####...###.#
####...........###.....#
...............D@.....##
#####>.........#####..#
......########..... ..#
......# #.###.#..# ......#
#.# ..# ......# #.# ...
......# #.# ## ......# #.#
......#


You could see an acid dragon (catching breath).

Vanquished Creatures
  A wyvern (D:5)
  A black bear (D:4)
  A necrophage (D:3)
  3 ogres
  2 centaurs
  2 phantoms
  A kobold brigand (D:6)
  A bullfrog (D:6)
  4 scorpions
  A howler monkey (D:6)
  2 bullfrog zombies
  A centaur skeleton (D:5)
  An orc priest (D:3)
  A hound (D:6)
  A gnoll shaman (D:4)
  An iguana (D:5)
  4 orc wizards
  A hound skeleton (D:2)
  2 howler monkey zombies (D:5)
  Robin (D:4)
  12 gnolls
  5 adders
  A shadow imp (D:5)
  2 white imps (D:6)
  2 dart slugs
  6 orcs
  4 ball pythons
  3 bats (D:1)
  8 endoplasms
  A giant cockroach (D:1)
  14 goblins
  8 hobgoblins
  3 jackals (D:1)
  A quokka (D:1)
  5 frilled lizards
  10 kobolds
  4 rats
  A bush (D:7)
122 creatures vanquished.

Notes
Turn   | Place    | Note
-------+----------+-------------------------------------------
     0 | D:1      | HessuHobo the Gargoyle Berserker began the quest for the
                  | Orb.
     0 | D:1      | Reached XP level 1. HP: 14/14 MP: 1/1
    14 | D:1      | Reached XP level 2. HP: 11/19 MP: 2/2
   830 | D:1      | Reached XP level 3. HP: 24/24 MP: 3/3
  1132 | D:1      | Found a faded altar of an unknown god.
  1839 | D:2      | Reached skill level 4 in Fighting
  2333 | D:2      | Reached ** piety under Trog
  2334 | D:2      | Reached XP level 4. HP: 29/29 MP: 4/4
  2574 | D:2      | Found an ornate altar of the Wu Jian Council.
  3472 | D:3      | Noticed a necrophage
  3486 | D:3      | Killed a necrophage
  3487 | D:3      | Reached XP level 5. HP: 34/34 MP: 5/5
  4006 | D:3      | Found a burning altar of Makhleb.
  4006 | D:3      | Noticed a balrug
  4097 | D:3      | Reached skill level 5 in Fighting
  4097 | D:3      | Reached XP level 6. HP: 40/40 MP: 6/6
  5137 | D:4      | HP: 1/40 [ogre (19)]
  5477 | D:4      | Reached skill level 5 in Maces & Flails
  5482 | D:3      | HP: 2/40 [gnoll (4)]
  5488 | D:3      | Reached XP level 7. HP: 5/44 MP: 7/7
  6005 | D:4      | Noticed Robin
  6016 | D:4      | Killed Robin
  6081 | D:4      | Reached skill level 5 in Armour
  6161 | D:4      | Found an iron altar of Okawaru.
  6164 | D:4      | Found a shimmering altar of Xom.
  6169 | D:4      | Found a glowing golden altar of the Shining One.
  6274 | D:4      | Reached skill level 6 in Fighting
  6889 | D:5      | Entered Level 5 of the Dungeon
  7464 | D:5      | Reached XP level 8. HP: 50/52 MP: 8/8
  7681 | D:5      | Noticed a wyvern
  7698 | D:5      | Killed a wyvern
  8059 | D:5      | Reached skill level 7 in Fighting
  8147 | D:5      | Found Hyziphei's Antique Weapon Boutique.
  8376 | D:6      | Found Foxtilep's Distillery.
  9066 | D:6      | Found a shimmering blue altar of Sif Muna.
  9132 | D:6      | Found a staircase to the Ecumenical Temple.
  9227 | D:6      | Reached XP level 9. HP: 47/59 MP: 9/9
  9458 | D:6      | Reached skill level 8 in Fighting
 10003 | D:7      | Identified the +6 hunting sling of the Equator {freeze,
                  | rN++ Int+3}
 10133 | D:7      | Killed from afar by an acid dragon

Illustrated notes

Levels and vault maps discovered:
D:1:      dpeg_arrival_houses_and_road, layout_loops_ring,
          basic_ecumenical_altar
D:2:      layout_basic, basic_altar, grunt_ministairs_13, corexii_hall_statues_i
D:3:      layout_loops_ring, makhleb_altar_promises_db, serial_park_tiny_1
D:4:      layout_rooms, grunt_temple_overflow_diamond, uniq_robin
D:5:      layout_rooms, serial_shops, kennysheep_mini_moat,
          serial_park_tiny_pond
D:6:      layout_basic, mainiacjoe_overflow_surrounded_room,
          minmay_temple_entry_crystal_x, serial_shops, shop_fountains
D:7:      layout_basic, lemuel_tele_altar, kb_lookout_dungeons_type,
          minmay_hollow_rounded_squares, uniq_maggie

Skill      XL: |  1  2  3  4  5  6  7  8  9 |
---------------+----------------------------+-----
Armour         | 3 4 5 7 |  7.6
Fighting       | 4 5 6 7 8 |  8.1
Maces & Flails | 4 5 7 |  7.3
Dodging        | |  1.5
Shields        | |  0.4

Action                   |  1- 3 |  4- 6 |  7- 9 || total
-------------------------+-------+-------+-------++-------
Melee: Mace              |   110 |   153 |    92 ||   355
       Flail             |       |       |   236 ||   236
Invok: Berserk           |       |     4 |     2 ||     6
       Trog's Hand       |       |       |     1 ||     1
 Stab: Sleeping          |     2 |       |       ||     2
Armor: Animal skin       |    41 |       |       ||    41
       Leather armour    |       |    11 |       ||    11
       Plate armour      |       |    74 |   205 ||   279
Dodge: Dodged            |    71 |    67 |    92 ||   230
Block: Other             |       |    11 |    56 ||    67
       Reflection        |       |       |     7 ||     7
       Buckler           |       |       |     6 ||     6

Table legend: (Time is in decaauts)
 A = Elapsed time spent in this place.
 B = Non-inter-level travel time spent in this place.
 C = Inter-level travel time spent in this place.
 D = Time resting spent in this place.
 E = Time spent auto-exploring this place.
 F = Levels seen in this place.
 G = Mean time per level.
                   A        B        C        D        E       F      G
               +--------+--------+--------+--------+--------+-----+--------+
         Total |  10274 |   9974 |    300 |   5880 |   2757 |   7 | 1467.7 |
       Dungeon |  10274 |   9974 |    300 |   5880 |   2757 |   7 | 1467.7 |
               +--------+--------+--------+--------+--------+-----+--------+

Top non-repeatable levels by time:
     D:3: 1991 daAuts
     D:2: 1882 daAuts
     D:1: 1792 daAuts
     D:6: 1516 daAuts
     D:4: 1488 daAuts
     D:5: 1407 daAuts
     D:7: 195 daAuts
